 Dungeon Crawl Stone Soup version 0.30.1-4-g462c640d31 (webtiles) character file.

Game seed: 9743138530279297534

1174 rakiston the Skirmisher (level 8, 0/58 HPs)
             Began as a Gnoll Wanderer on Aug 18, 2023.
             Was a Believer of Okawaru.
             Succumbed to a water moccasin's poison
             ... on level 6 of the Dungeon on Aug 20, 2023.
             The game lasted 00:48:17 (6443 turns).

rakiston the Skirmisher (Gnoll Wanderer)            Turns: 6443, Time: 00:48:18

Health: 0/58       AC:  4    Str: 14    XL:     8   Next: 41%
Magic:  22/22      EV: 12    Int:  9    God:    Okawaru [**....]
Gold:   687        SH:  5    Dex: 14    Spells: 13/13 levels left

rFire   . . .        a - +2 hand axe
rCold   . . .        k - +0 buckler
rNeg    . . .        e - +0 leather armour
rPois   .            (no helmet)
rElec   .            (no cloak)
rCorr   .            J - +0 pair of gloves
SInv    .            (no boots)
Will    .....        (no amulet)
Stlth   ++           j - ring of wizardry
HPRegen 0.29/turn    L - ring of magical power
MPRegen 0.18/turn

%: wizardry (x1)
@: lethally poisoned (0 -> -29)
A: fangs 1, strong nose, distributed training
a: Renounce Religion, Heroism


You were on level 6 of the Dungeon.
You worshipped Okawaru.
Okawaru was pleased with you.
You visited 2 branches of the dungeon, and saw 7 of its levels.

You collected 687 gold pieces.

Inventory:

Hand Weapons
 a - a +2 hand axe (weapon)
 b - a +0 sling
 o - a +2 spectral club
 A - a +2 whip of venom
 F - a +1 dagger of electrocution
 I - a +3 dagger of speed
 M - a +0 shortbow
Missiles
 n - 4 boomerangs (quivered)
 x - 4 poisoned darts
 E - 2 javelins
Armour
 e - a +0 leather armour (worn)
 k - a +0 buckler (worn)
 D - a +0 kite shield
 J - a +0 pair of gloves (worn)
Magical Staves
 l - a staff of air
 p - a staff of earth
Jewellery
 j - a ring of wizardry (left hand)
 G - a ring of poison resistance
 L - a ring of magical power (right hand)
Wands
 s - a wand of roots (2)
Scrolls
 f - a scroll of poison
 u - a scroll of fog
 v - a scroll of magic mapping
 w - a scroll of amnesia
 y - a scroll of vulnerability {unknown}
 N - 2 scrolls of identify
Potions
 g - a potion of flight
 h - 2 potions of mutation
 i - a potion of curing
 q - a potion of heal wounds
 r - a potion of degeneration
 t - a potion of cancellation
 z - 4 potions of might
 B - a potion of lignification
 C - 2 potions of resistance
 H - a potion of invisibility {unknown}
 K - a potion of haste {unknown}
Miscellaneous
 c - a piece from Xom's chessboard (15/15)


   Skills:
 + Level 3.3 Fighting
 + Level 3.3 Short Blades
 + Level 3.3 Long Blades
 + Level 5.7 Axes
 + Level 3.3 Maces & Flails
 + Level 3.3 Polearms
 + Level 3.3 Staves
 + Level 9.2 Ranged Weapons
 + Level 4.3 Throwing
 + Level 3.3 Armour
 + Level 3.3 Dodging
 + Level 4.1 Stealth
 + Level 3.3 Shields
 + Level 3.3 Unarmed Combat
 + Level 3.3 Spellcasting
 + Level 2.7 Conjurations
 + Level 2.7 Hexes
 + Level 2.7 Summonings
 + Level 2.7 Necromancy
 + Level 2.7 Translocations
 + Level 2.7 Transmutations
 + Level 2.7 Fire Magic
 + Level 2.7 Ice Magic
 + Level 2.7 Air Magic
 + Level 2.7 Earth Magic
 + Level 2.7 Poison Magic
 + Level 3.7 Invocations
 + Level 5.7 Evocations


You had 13 spell levels left.
You didn't know any spells.
Your spell library contained the following spells:

 Spells                   Type           Power      Damage    Failure   Level
 Lesser Beckoning         Tloc           12%        N/A       10%         2
 Portal Projectile        Hex/Tloc       12%        N/A       19%         3
 Anguish                  Hex/Necr       3%         N/A       50%         4
 Cause Fear               Hex            3%         N/A       50%         4
 Borgnjor's Vile Clutch   Necr/Erth      3%         N/A       83%         5
 Eringya's Noxious Bog    Tmut/Pois      3%         N/A       100%        6
 Enfeeble                 Hex            3%         N/A       100%        7
 Disjunction              Tloc           3%         N/A       100%        8
 Animate Dead             Necr           Unusable   N/A       N/A         4
 Summon Forest            Summ/Tloc      Unusable   N/A       N/A         5
 Death Channel            Necr           Unusable   N/A       N/A         6
 Monstrous Menagerie      Summ           Unusable   N/A       N/A         7
 Summon Hydra             Summ           Unusable   N/A       N/A         7

Dungeon Overview and Level Annotations

Branches:
Dungeon (6/15)             Temple (1/1) D:4

Altars:
Ashenzari
Cheibriados
Dithmenos
Fedhas
Gozag
Kikubaaqudgha
Makhleb
Nemelex Xobeh
Okawaru
Qazlal
Ru
Sif Muna
Trog
Uskayaw
Vehumet
Wu Jian
Yredelemnul
Zin
The Shining One

Annotations:
D:2 1 runed translucent door, Crazy Yiuf


Innate Abilities, Weirdness & Mutations

You have very sharp teeth.
Your uncanny sense of smell can sniff out nearby items.
Your experience applies equally to all skills.


Message History

Press: ? - help, Q - select action, (/) - cycle Shift-Dir - straight line, f/p - water moccasin
Aim: a water moccasin (severely wounded, 44% to hit)
You throw a boomerang.
The boomerang completely misses the water moccasin.
Throw: 4 boomerangs
Press: ? - help, Q - select action, (/) - cycle Shift-Dir - straight line, f/p - water moccasin
Aim: a water moccasin (severely wounded, 44% to hit)
Okay, then.
You hit the ufetubus.
You kill the ufetubus!
Okawaru accepts your kill.
You barely miss the water moccasin.
Your attack snaps the water moccasin out of its fear.
The water moccasin is severely wounded.
The water moccasin bites you.
You are poisoned.
The water moccasin poisons you! The water moccasin bites you.
You hit the water moccasin.
The water moccasin is severely wounded.
You feel very sick. The water moccasin bites you.
You are lethally poisoned!
The water moccasin poisons you!
You barely miss the water moccasin.
The water moccasin is severely wounded.
* * * LOW HITPOINT WARNING * * *
You feel extremely sick. The water moccasin closely misses you.
You hit the water moccasin.
The water moccasin is almost dead.
* * * LOW HITPOINT WARNING * * *
You feel very sick. The water moccasin barely misses you.
The water moccasin bites you.
* * * LOW HITPOINT WARNING * * *
You are more poisoned.
The water moccasin poisons you!
You hit the water moccasin but do no damage.
Your bite misses the water moccasin.
The water moccasin is almost dead.
You die...

#######..##.....#
#...# #######...##
...... .....#
#.......### .._...
###...#
#..!......## ......
...##
#...#.###..##.....#
....# ... #.
#...##...##
..####### ## #
#.#..## ......
...#.S.## ###.##
#####.#@.# ##.#.#
## ... # ..... #
....## # ...... #
......# ......# ∆


You could see a water moccasin.

Vanquished Creatures
  A water moccasin (D:6)
  An orc warrior (D:4)
  A centaur (D:6)
  2 phantoms
  A bullfrog (D:6)
  A scorpion (D:4)
  4 jellies
  2 hounds
  An orc priest (D:5)
  Jessica (D:2)
  4 iguanas
  5 orc wizards
  5 adders
  2 ufetubi
  11 dart slugs
  21 orcs
  6 endoplasms
  2 giant cockroaches
  6 goblins
  7 hobgoblins
  12 ball pythons
  2 bats
  12 kobolds
  4 rats
114 creatures vanquished.

Notes
Turn   | Place    | Note
-------+----------+-------------------------------------------
     0 | D:1      | rakiston the Gnoll Wanderer began the quest for the Orb.
     0 | D:1      | rakiston set off with the following items: a +2 hand axe, a
                  | +0 sling, a piece from Xom's chessboard (15/15), a scroll
                  | of fear, a +0 leather armour.
     0 | D:1      | Reached XP level 1. HP: 13/13 MP: 1/1
   283 | D:1      | Reached XP level 2. HP: 16/19 MP: 2/2
   949 | D:2      | Reached XP level 3. HP: 25/25 MP: 2/4
  1188 | D:2      | Reached skill level 1 in Invocations
  1455 | D:2      | Noticed Jessica
  1473 | D:2      | Killed Jessica
  1474 | D:2      | Reached skill level 1 in Fighting
  1474 | D:2      | Reached skill level 1 in Short Blades
  1474 | D:2      | Reached skill level 1 in Long Blades
  1474 | D:2      | Reached skill level 1 in Maces & Flails
  1474 | D:2      | Reached skill level 1 in Polearms
  1474 | D:2      | Reached skill level 1 in Staves
  1474 | D:2      | Reached skill level 1 in Armour
  1474 | D:2      | Reached skill level 1 in Dodging
  1474 | D:2      | Reached skill level 1 in Shields
  1474 | D:2      | Reached skill level 1 in Unarmed Combat
  1474 | D:2      | Reached skill level 1 in Spellcasting
  1474 | D:2      | Reached XP level 4. HP: 21/32 MP: 5/5
  1629 | D:2      | Found a runed translucent door.
  1630 | D:2      | Noticed Crazy Yiuf
  2562 | D:3      | Reached skill level 1 in Conjurations
  2562 | D:3      | Reached skill level 1 in Hexes
  2562 | D:3      | Reached skill level 1 in Summonings
  2562 | D:3      | Reached skill level 1 in Necromancy
  2562 | D:3      | Reached skill level 1 in Translocations
  2562 | D:3      | Reached skill level 1 in Transmutations
  2562 | D:3      | Reached skill level 1 in Fire Magic
  2562 | D:3      | Reached skill level 1 in Ice Magic
  2562 | D:3      | Reached skill level 1 in Air Magic
  2562 | D:3      | Reached skill level 1 in Earth Magic
  2562 | D:3      | Reached skill level 1 in Poison Magic
  2951 | D:4      | Reached XP level 5. HP: 37/37 MP: 5/7
  3051 | D:4      | Found a staircase to the Ecumenical Temple.
  3061 | Temple   | Entered the Ecumenical Temple
  3184 | Temple   | Became a worshipper of Warmaster Okawaru
  3589 | D:4      | Found an ancient bone altar of Kikubaaqudgha.
  3589 | D:4      | Noticed an orc warrior
  3603 | D:4      | Killed an orc warrior
  3604 | D:4      | Reached skill level 5 in Axes
  3604 | D:4      | Reached skill level 5 in Evocations
  3604 | D:4      | Reached XP level 6. HP: 26/44 MP: 7/9
  3942 | D:4      | Reached * piety under Okawaru
  4048 | D:4      | Reached XP level 7. HP: 51/51 MP: 10/10
  4285 | D:5      | Entered Level 5 of the Dungeon
  4529 | D:5      | Reached skill level 9 in Ranged Weapons
  5184 | D:5      | Reached XP level 8. HP: 55/58 MP: 12/12
  5399 | D:5      | Found a snail-covered altar of Cheibriados.
  5598 | D:5      | Got the Catalogue of Elliptic Command
  5723 | D:5      | Found a blossoming altar of Fedhas.
  5723 | D:5      | Found a bloodstained altar of Trog.
  5963 | D:6      | Reached ** piety under Okawaru
  6084 | D:6      | Found a broken altar of Ashenzari.
  6433 | D:6      | Found a glowing golden altar of the Shining One.
  6443 | D:6      | Succumbed to a water moccasin's poison

Illustrated notes

Levels and vault maps discovered:
D:1:      tarquinn_simple_flora_water_a, layout_loops_corners,
          chequers_serial_rivers_small_a
D:2:      layout_loops_ring, uniq_jessica, uniq_crazy_yiuf_cottage
D:3:      minmay_evil_eye, layout_loops_corners
D:4:      minmay_polygon_palace, layout_cave_pools,
          mainiacjoe_overflow_24_doors, minmay_temple_entry_tees,
          lemuel_flame_loot_1
D:5:      kennysheep_slugbush, layout_loops_ring, mainiacjoe_overflow_boulevard,
          gammafunk_temple_overflow_statue
D:6:      layout_loops_cross, tso_metal_star, lemuel_coloured_pillars_altar
Temple:   compressed_dpeg_circular_temple

Skill      XL: |  1  2  3  4  5  6  7  8 |
---------------+-------------------------+-----
Invocations    | 1 2 3 |  3.7
Fighting       | 1 2 3 |  3.3
Short Blades   | 1 2 3 |  3.3
Long Blades    | 1 2 3 |  3.3
Maces & Flails | 1 2 3 |  3.3
Polearms       | 1 2 3 |  3.3
Staves         | 1 2 3 |  3.3
Armour         | 1 2 3 |  3.3
Dodging        | 1 2 3 |  3.3
Shields        | 1 2 3 |  3.3
Unarmed Combat | 1 2 3 |  3.3
Spellcasting   | 1 2 3 |  3.3
Conjurations   | 1 2 |  2.7
Hexes          | 1 2 |  2.7
Summonings     | 1 2 |  2.7
Necromancy     | 1 2 |  2.7
Translocations | 1 2 |  2.7
Transmutations | 1 2 |  2.7
Fire Magic     | 1 2 |  2.7
Ice Magic      | 1 2 |  2.7
Air Magic      | 1 2 |  2.7
Earth Magic    | 1 2 |  2.7
Poison Magic   | 1 2 |  2.7
Throwing       | 3 4 |  4.3
Axes           | 5 |  5.7
Stealth        | 3 4 |  4.1
Evocations     | 5 |  5.7
Ranged Weapons | 9 |  9.2

Action                     |  1- 3 |  4- 6 |  7- 9 || total
---------------------------+-------+-------+-------++-------
  Melee: Hand axe          |    55 |   143 |   155 ||   353
         Punch             |     1 |       |       ||     1
         Bite              |     3 |    16 |    11 ||    30
  Throw: Dart              |       |     4 |       ||     4
         Boomerang         |       |    26 |    71 ||    97
  Evoke: Wand              |       |     4 |     3 ||     7
    Use: Scroll            |     4 |     8 |     6 ||    18
         Potion            |     1 |       |     2 ||     3
   Stab: Sleeping          |     3 |     2 |       ||     5
 Armour: Leather armour    |     6 |    24 |    30 ||    60
  Dodge: Dodged            |    34 |    78 |    72 ||   184
  Block: Buckler           |     3 |    15 |    38 ||    56
